 Dungeon Sprint DCSS version 0.27-a0-797-g27d10ad80f (webtiles) character file.

Game seed: 16795609047660397516

2977 mhtbhm the Basher (level 9, -7/150 HPs)
             Began as a Troll Berserker on Mar 27, 2021.
             Was a High Priest of Trog.
             Mangled by a komodo dragon (26 damage)
             ... in the Dungeon (Sprint IX: "|||||||||||||||||||||||||||||").
             The game lasted 00:01:26 (738 turns).

mhtbhm the Basher (Troll Berserker)                  Turns: 738, Time: 00:01:26

Health: -7/150     AC:  7    Str: 33    XL:     9   Next: 53%
Magic:  8/8        EV: 12    Int:  5    God:    Trog [*****.]
Gold:   11         SH:  0    Dex:  9    Spells: 8/8 levels left

rFire    . . .     SeeInvis .   a - +2 morningstar "Ehiwurav" {vorpal, Will++ Int+2}
rCold    . . .     Faith    .   (no shield)
rNeg     . . .     Spirit   .   b - +0 animal skin
rPois    .         Reflect  .   (helmet restricted)
rElec    .         Harm     .   k - +0 cloak
rCorr    .         Rampage  .   (gloves unavailable)
Will     ++...     NoTele   +   (boots unavailable)
Stlth    ..........             (no amulet)
HPRegen  1.35/turn              l - +2 ring of protection
MPRegen  0.11/turn              m - +3 ring of strength

@: berserking (expiring), lethally poisoned (-7 -> -5), very quick
A: large, unfitting armour, claws 3, regeneration 1, shaggy fur 1, tough skin 1
a: Renounce Religion, Berserk, Trog's Hand, Brothers in Arms


You were in the Dungeon.
You worshipped Trog.
Trog was extremely pleased with you.
You visited 1 branch You collected 11 gold pieces.

Inventory:

Hand Weapons
 a - the +2 morningstar "Ehiwurav" (weapon) {vorpal, Will++ Int+2}
   (You found it in the Dungeon)

   It inflicts extra damage upon your enemies.
   It affects your intelligence (+2).
   It affects your willpower, your defense against some magical effects.
Armour
 b - a +0 animal skin (worn)
 k - a +0 cloak (worn)
Jewellery
 l - a +2 ring of protection (left claw)
 m - a +3 ring of strength (right claw)
 n - an amulet of reflection
Wands
 j - a wand of iceblast (9)
Scrolls
 h - 3 scrolls of blinking
 o - 2 scrolls of fear
 p - 2 scrolls of enchant weapon
 q - 2 scrolls of enchant armour
Potions
 c - 6 potions of curing
 d - 4 potions of heal wounds
 e - a potion of haste
 f - 4 potions of magic
 g - 2 potions of berserk rage
 i - a potion of might


   Skills:
 + Level 9.5 Fighting
 + Level 13.7 Maces & Flails
 + Level 10.5 Dodging
 + Level 0.2 Stealth


You had 8 spell levels left.
You didn't know any spells.
Your spell library was empty.

Dungeon Overview and Level Annotations

Branches:
Dungeon (1/1)

Altars:
Cheibriados
Dithmenos
Elyvilon
Fedhas
Gozag
Hepliaklqana
Kikubaaqudgha
Makhleb
Nemelex Xobeh
Okawaru
Qazlal
Ru
Sif Muna
Trog
Uskayaw
Vehumet
Wu Jian
Xom
Yredelemnul
Zin
The Shining One
Beogh
Jiyva
Lugonu


Innate Abilities, Weirdness & Mutations

You are too large for most types of armour.
You have claws for hands.
Your natural rate of healing is unusually fast.
You are covered in fur. (AC +1)
You have tough skin. (AC +1)


Message History

Trog accepts your kill.
You sock the water moccasin!
The water moccasin is heavily wounded.
You feel sick.
You are no longer poisoned.
The water moccasin closely misses you.
You thump the water moccasin!
You kill the water moccasin!
Trog accepts your kill.
You barely miss the water moccasin.
The water moccasin bites you but does no damage.
You impale the water moccasin!!
You kill the water moccasin!
Trog accepts your kill.
You closely miss the cane toad.
A black mamba comes into view.
The cane toad barely misses you.
You closely miss the cane toad.
The black mamba hisses angrily.
You closely miss the cane toad. The cane toad stings you!
You barely miss the cane toad. You impale the cane toad!!
The cane toad is severely wounded.
The cane toad barely misses you.
You barely miss the cane toad.
The cane toad is severely wounded.
The cane toad stings you!!
* * * LOW HITPOINT WARNING * * *
You are poisoned.
The cane toad poisons you!
You bludgeon the cane toad!!
You kill the cane toad!
Trog accepts your kill. Something appears at your feet!
You see here a +2 great mace.
Trog grants you a weapon!
You feel extremely sick.
You sock the komodo dragon!
The komodo dragon is moderately wounded.
You feel sick. The komodo dragon bites you!!
You die...

▓▓▓▓▓▓▓▓▓▓▓▓▓▓▓▓▓▓▓▓▓▓▓▓
....SFl@............'...
▓▓▓▓▓▓▓▓▓▓▓▓▓▓▓▓▓▓▓▓▓▓▓▓▓▓▓▓▓▓▓▓▓
.................................
▓▓▓▓▓▓▓▓▓▓▓▓▓▓▓▓▓▓▓▓▓▓▓▓▓▓▓▓▓▓▓▓▓
____________________'.....)....)'
▓▓▓▓▓▓▓▓▓▓▓▓▓▓▓▓▓▓▓▓▓▓▓▓▓▓▓▓▓▓▓▓▓


You could see a komodo dragon, a black mamba and a bullfrog.

Vanquished Creatures
  A centaur warrior (D)
  A two-headed ogre (D)
  2 cane toads (D)
  A troll (D)
  3 water moccasins (D)
  A bullfrog (D)
  A gnoll sergeant (D)
  3 howler monkeys (D)
  2 hounds (D)
  An iguana (D)
  An adder zombie (D)
  An adder skeleton (D)
  An orc (D)
  A bat (D)
  A ball python (D)
  A giant cockroach zombie (D)
  3 kobolds (D)
25 creatures vanquished.

Vanquished Creatures (collateral kills)
  A cyclops (D)
  A slime creature (D)
2 creatures vanquished.

Vanquished Creatures (others)
  A troll (D)
1 creature vanquished.

Grand Total: 28 creatures vanquished

Notes
Turn   | Place    | Note
-------+----------+-------------------------------------------
     0 | D        | mhtbhm the Troll Berserker began the quest for the Orb.
     0 | D        | Reached XP level 1. HP: 22/22 MP: 0/0
    12 | D        | Reached ** piety under Trog
    13 | D        | Reached skill level 3 in Maces & Flails
    20 | D        | Noticed a hound
    20 | D        | Noticed an iguana
    20 | D        | Noticed a hound
    23 | D        | Reached XP level 2. HP: 31/31 MP: 1/1
    23 | D        | Reached *** piety under Trog
    29 | D        | Reached skill level 4 in Maces & Flails
    29 | D        | Reached XP level 3. HP: 39/39 MP: 2/2
    32 | D        | Reached skill level 5 in Maces & Flails
    40 | D        | Reached XP level 4. HP: 33/49 MP: 3/3
    45 | D        | Found a snail-covered altar of Cheibriados.
    45 | D        | Found a shadowy altar of Dithmenos.
    45 | D        | Found a white marble altar of Elyvilon.
    45 | D        | Found a blossoming altar of Fedhas.
    45 | D        | Found an opulent altar of Gozag.
    46 | D        | Found a hazy altar of Hepliaklqana.
    47 | D        | Found a viscous altar of Jiyva.
    48 | D        | Found an ancient bone altar of Kikubaaqudgha.
    49 | D        | Found a corrupted altar of Lugonu.
    50 | D        | Found a burning altar of Makhleb.
    51 | D        | Found a sparkling altar of Nemelex Xobeh.
    52 | D        | Found an iron altar of Okawaru.
    53 | D        | Found a stormy altar of Qazlal.
    54 | D        | Found a sacrificial altar of Ru.
    55 | D        | Found a shimmering blue altar of Sif Muna.
    56 | D        | Found a bloodstained altar of Trog.
    57 | D        | Found a hide-covered altar of Uskayaw.
    58 | D        | Found a radiant altar of Vehumet.
    59 | D        | Found an ornate altar of the Wu Jian Council.
    60 | D        | Found a shimmering altar of Xom.
    61 | D        | Found a basalt altar of Yredelemnul.
    62 | D        | Found a glowing silver altar of Zin.
    63 | D        | Found a glowing golden altar of the Shining One.
    84 | D        | Got the +2 morningstar "Ehiwurav" {vorpal, Will++ Int+2}
   104 | D        | Noticed a two-headed ogre
   104 | D        | Noticed a troll
   105 | D        | Reached **** piety under Trog
   109 | D        | Killed a troll
   110 | D        | Reached skill level 8 in Maces & Flails
   110 | D        | Reached XP level 5. HP: 59/59 MP: 4/4
   110 | D        | Reached XP level 6. HP: 67/67 MP: 5/5
   113 | D        | HP: 5/100 [two-headed ogre/+0 giant spiked club (14)]
   114 | D        | Killed a two-headed ogre
   115 | D        | Reached skill level 10 in Maces & Flails
   115 | D        | Reached XP level 7. HP: 8/79 MP: 6/6
   280 | D        | Noticed a slime creature
   280 | D        | Noticed a cyclops
   280 | D        | Noticed a troll
   280 | D        | Noticed a centaur warrior
   289 | D        | Killed a centaur warrior
   289 | D        | Reached ***** piety under Trog
   290 | D        | Reached skill level 12 in Maces & Flails
   290 | D        | Reached XP level 8. HP: 89/89 MP: 7/7
   300 | D        | Killed a troll
   302 | D        | Killed a cyclops
   304 | D        | Killed a slime creature
   305 | D        | Reached XP level 9. HP: 70/97 MP: 8/8
   711 | D        | Noticed a cane toad
   711 | D        | Noticed a cane toad
   713 | D        | Noticed a komodo dragon
   715 | D        | Reached skill level 10 in Dodging
   723 | D        | Killed a cane toad
   724 | D        | Reached skill level 13 in Maces & Flails
   731 | D        | Noticed a black mamba
   737 | D        | Killed a cane toad
   737 | D        | Received a gift from Trog
   738 | D        | Mangled by a komodo dragon

Illustrated notes

Levels and vault maps discovered:
D:        linesprint [early_d, line_temple, items_1, d_10, items_2, lair_1,
          lair_end, items_3, orc_1, orc_end, items_4, d_15, swamp_1, shoals_1,
          snake_1, spider_1, d_20, vaults_1, items_5, swamp_end, shoals_end,
          snake_end, spider_end, vaults_end, d_27, items_6, zot_1, zot_end,
          crypt_end, forest_end, elf_end, slime_end, tomb_end, abyss_end,
          pan_hell_end]

Skill      XL: |  1  2  3  4  5  6  7  8  9 |
---------------+----------------------------+-----
Maces & Flails | 3 4 5 8 10 12 13 | 13.7
Fighting       | 3 4 6 7 8 9 |  9.5
Dodging        | 3 4 6 8 9 10 | 10.5
Stealth        | |  0.2

Action                   |  1- 3 |  4- 6 |  7- 9 || total
-------------------------+-------+-------+-------++-------
Melee: Mace              |    27 |       |       ||    27
       Morningstar       |       |     8 |    47 ||    55
Invok: Berserk           |     1 |     1 |     2 ||     4
       Brothers in Arms  |       |       |     1 ||     1
Evoke: Wand              |       |       |     1 ||     1
  Use: Potion            |       |       |     3 ||     3
       Scroll            |       |       |     1 ||     1
Armor: Animal skin       |    14 |       |    11 ||    25
Dodge: Dodged            |     9 |     3 |    20 ||    32

Table legend: (Time is in decaauts)
 A = Elapsed time spent in this place.
 B = Non-inter-level travel time spent in this place.
 C = Inter-level travel time spent in this place.
 D = Time resting spent in this place.
 E = Time spent auto-exploring this place.
 F = Levels seen in this place.
 G = Mean time per level.
                   A        B        C        D        E       F      G
               +--------+--------+--------+--------+--------+-----+--------+
         Total |    749 |    610 |    139 |    159 |    232 |   1 |  749.0 |
       Dungeon |    749 |    610 |    139 |    159 |    232 |   1 |  749.0 |
               +--------+--------+--------+--------+--------+-----+--------+

Top non-repeatable levels by time:
       D: 749 daAuts
